 Dungeon Crawl Stone Soup version 0.28-a0-983-g1de4e0787c (webtiles) character file.

Game seed: 8951666531765753305

161 BinkBink the Sneak (level 5, -2/25 HPs)
             Began as a Spriggan Enchanter on Dec 3, 2021.
             Slain by a bullfrog (8 damage)
             ... in a sewer.
             The game lasted 00:10:21 (4706 turns).

BinkBink the Sneak (Spriggan Enchanter)             Turns: 4706, Time: 00:10:22

Health: -2/25      AC:  2    Str:  4    XL:     5   Next: 19%
Magic:  4/10       EV: 18    Int: 17    God:
Gold:   101        SH:  5    Dex: 17    Spells: 8/10 levels left

rFire   . . .      SeeInvis +   a - +1 dagger
rCold   . . .      Faith    .   (shield restricted)
rNeg    . . .      Spirit   .   b - +0 robe
rPois   .          Reflect  +   (helmet restricted)
rElec   .          Harm     .   (no cloak)
rCorr   .          Rampage  .   (gloves unavailable)
Will    .....                   (boots unavailable)
Stlth   ++........              l - amulet of reflection
HPRegen 0.08/turn               (no ring)
MPRegen 0.12/turn               (no ring)

@: invisible, slow
A: very small, no large weapons, unfitting armour, see invisible, speed 3
a: no special abilities


You were in a sewer.
You visited 1 branch of the dungeon, and saw 3 of its levels.
You also visited: Sewer.

You collected 101 gold pieces.

Inventory:

Hand Weapons
 a - a +1 dagger (weapon)
Armour
 b - a +0 robe (worn)
Jewellery
 l - an amulet of reflection (around neck)
Scrolls
 d - 4 scrolls of identify {unknown}
 k - a scroll of noise {unknown}
Potions
 c - a potion of invisibility
 f - a potion of curing {unknown}
 g - a potion of berserk rage {unknown}
 h - a potion of brilliance {unknown}
 i - a potion of might {unknown}
 j - a potion of mutation {unknown}


   Skills:
 + Level 0.6 Fighting
 + Level 2.6 Short Blades
 + Level 4.1 Dodging
 + Level 5.9 Stealth
 + Level 3.2 Spellcasting
 + Level 4.2 Hexes
 + Level 0.3 Ice Magic


You had 8 spell levels left.
You knew the following spells:

 Your Spells              Type           Power      Damage    Failure   Level
a - Ensorcelled Hibernat  Hex/Ice        20%        N/A       10%         2

Your spell library contained the following spells:

 Spells                   Type           Power      Damage    Failure   Level
 Confusing Touch          Hex            17%        N/A       9%          3
 Tukima's Dance           Hex            17%        N/A       9%          3
 Dazzling Flash           Conj/Hex       18%        N/A       22%         3
 Summon Forest            Summ/Tloc      1%         N/A       99%         5
 Eringya's Noxious Bog    Tmut/Pois      1%         N/A       100%        6
 Summon Hydra             Summ           1%         N/A       100%        7


Dungeon Overview and Level Annotations

Branches:
Dungeon (3/15)              Sewer (1/1)

Altars:

Shops:
D:2 [


Innate Abilities, Weirdness & Mutations

You are very small and have problems with some larger weapons.
You are too small for most types of armour.
You have supernaturally acute eyesight. (SInv)
You cover ground extremely quickly. (Speed+++)


Message History

The ball python constricts you. The bullfrog closely misses you.
You barely miss the bullfrog.
The bullfrog is lightly wounded.
The bullfrog hits you. The ball python closely misses you.
The ball python constricts you. You block the bullfrog's attack.
You don't have enough magic to cast this spell.
You escape the ball python's grasp.
The bullfrog closely misses you. The bullfrog hits you.
As you read the scroll labelled XUOFIO JILUU, it crumbles to dust.
You assume a fearsome visage.
The ball python looks frightened!
The bullfrog looks frightened! x2; It was a scroll of fear.
You enter the shallow water.
Moving in this stuff is going to be slow.
Your magical contamination has completely faded away.
Cornered, the bullfrog turns to fight!
The bullfrog misses you. The bullfrog barely misses you.
Why would you want to do that? The bullfrog barely misses you.
You block the bullfrog's attack. The bullfrog barely misses you.
The bullfrog closely misses you. The bullfrog misses you.
The bullfrog barely misses you.
The bullfrog seems to regain its courage.
The bullfrog barely misses you.
The bullfrog hits you but does no damage.
The bullfrog misses you. The bullfrog closely misses you.
The bullfrog barely misses you.
The bullfrog hits you but does no damage.
The bullfrog hits you! The bullfrog hits you.
* * * LOW HITPOINT WARNING * * *
The bullfrog misses you. You block the bullfrog's attack.
As you read the scroll of fear, it crumbles to dust.
You assume a fearsome visage.
The bullfrog looks frightened! x2
You enter the shallow water.
Moving in this stuff is going to be slow.
Why would you want to do that?
You fade into invisibility!
The bullfrog seems to regain its courage.
The bullfrog hits you!
You die...

#.≈≈≈≈≈≈≈≈≈≈≈≈≈≈# #
#.≈≈≈≈≈≈≈≈≈≈≈≈≈≈## #
#.≈≈≈≈≈≈≈≈≈≈≈≈≈≈≈# #
#.≈≈≈≈≈≈≈≈≈.≈.∩≈≈# #
#.≈≈≈≈≈≈≈≈..≈.≈≈≈# #
#.≈≈≈≈≈≈≈.≈..≈≈≈≈≈# #
###
#.≈≈≈S≈≈≈.≈≈≈≈≈≈≈≈# #
#.#
#.≈≈≈F≈≈≈≈≈$.≈≈≈≈≈# #
#∩# #.≈≈≈@≈≈≈.)().≈≈≈≈
# #.#
#.≈≈≈≈≈≈≈≈≈?.≈≈≈≈≈ #
#∩# #.≈≈≈.≈≈≈≈≈.≈≈≈≈≈≈
# #.#
#.≈≈≈.≈≈≈≈≈≈≈≈≈≈≈# #
#.# #.≈≈≈.≈≈≈≈≈≈≈≈≈≈≈
#
##†###.≈≈≈.≈≈≈≈≈≈≈≈≈≈≈
# #...##.≈≈†.#≈≈≈≈≈≈ #
#.≈.##.≈≈≈.#≈≈≈≈≈≈ #
#.≈≈##.≈≈≈.###≈≈≈≈ #


You could see a bullfrog and a ball python (wandering).

Vanquished Creatures
  Jessica (D:2)
  Terence (D:2)
  4 adders
  2 dart slugs (D:1)
  3 bats
  5 endoplasms
  19 giant cockroaches
  3 goblins
  5 hobgoblins
  3 jackals (D:1)
  2 quokkas
  5 ball pythons
  6 frilled lizards (Sewer)
  3 kobolds
  5 rats
67 creatures vanquished.

Vanquished Creatures (others)
  4 plants (D:1)
4 creatures vanquished.

Grand Total: 71 creatures vanquished

Notes
Turn   | Place    | Note
-------+----------+-------------------------------------------
     0 | D:1      | BinkBink the Spriggan Enchanter began the quest for the
                  | Orb.
     0 | D:1      | Reached XP level 1. HP: 9/9 MP: 5/5
   419 | D:1      | Reached XP level 2. HP: 10/13 MP: 6/6
  2480 | D:2      | Reached XP level 3. HP: 11/16 MP: 8/8
  2483 | D:2      | Learned a level 2 spell: Ensorcelled Hibernation
  2883 | D:2      | Found Nyrum's Armour Shop.
  2883 | D:2      | Noticed Jessica
  2885 | D:2      | Killed Jessica
  2886 | D:2      | Reached skill level 5 in Stealth
  3089 | D:2      | Noticed Terence
  3135 | D:2      | Killed Terence
  3136 | D:2      | Reached XP level 4. HP: 21/21 MP: 1/9
  4048 | D:3      | Found a glowing drain.
  4059 | Sewer    | Entered a sewer
  4445 | Sewer    | Reached XP level 5. HP: 25/25 MP: 5/10
  4706 | Sewer    | Slain by a bullfrog

Illustrated notes

Levels and vault maps discovered:
D:1:      mrwooster_arrival_arrow, layout_basic, serial_forest,
          infiniplex_forest_clump_diagonal, infiniplex_forest_clump_C,
          infiniplex_forest_corner_2, infiniplex_forest_clump_long,
          infiniplex_forest_clump_curved
D:2:      wander_river, layout_rooms, serial_shops, shop, uniq_jessica,
          uniq_terence
D:3:      minmay_roachtagon, layout_basic, portal_sewer_entry_d
Sewer:    sewer_frog_island_01

Skill      XL: |  1  2  3  4 |
---------------+-------------+-----
Hexes          | 4 |  4.2
Dodging        | 3 4 |  4.1
Short Blades   | 2 |  2.6
Stealth        | 5 |  5.9
Spellcasting   | 3 |  3.2
Fighting       | |  0.6
Ice Magic      | |  0.3

Action                   |  1- 3 |  4- 6 || total
-------------------------+-------+-------++-------
Melee: Dagger            |   166 |   170 ||   336
 Cast: Ensorcelled Hiber |     3 |    31 ||    34
  Use: Scroll            |       |     2 ||     2
       Potion            |       |     1 ||     1
 Stab: Sleeping          |     9 |    21 ||    30
       Distracted        |     1 |       ||     1
Armor: Robe              |     4 |    15 ||    19
Dodge: Dodged            |   121 |   141 ||   262
Block: Other             |       |    13 ||    13

Table legend: (Time is in decaauts)
 A = Elapsed time spent in this place.
 B = Non-inter-level travel time spent in this place.
 C = Inter-level travel time spent in this place.
 D = Time resting spent in this place.
 E = Time spent auto-exploring this place.
 F = Levels seen in this place.
 G = Mean time per level.
                   A        B        C        D        E       F      G
               +--------+--------+--------+--------+--------+-----+--------+
         Total |   3952 |   3923 |     29 |      0 |   2900 |   4 |  988.0 |
       Dungeon |   3345 |   3316 |     29 |      0 |   2518 |   3 | 1115.0 |
         Sewer |    606 |    606 |      0 |      0 |    381 |   1 |  606.0 |
               +--------+--------+--------+--------+--------+-----+--------+

Top non-repeatable levels by time:
     D:1: 2211 daAuts
     D:2: 868 daAuts
   Sewer: 606 daAuts
     D:3: 265 daAuts
